 Dungeon Crawl Stone Soup version 0.20.1-1-g8b1a95d (webtiles) character file.

1337 Folque the Conjurer (level 8, 0/52 (54) HPs)
             Began as an Octopode Wizard on Dec 9, 2017.
             Was an Initiate of Sif Muna.
             Slain by a wyvern zombie (13 damage)
             ... on level 6 of the Dungeon.
             The game lasted 00:26:14 (5736 turns).

Folque the Conjurer (Octopode Wizard)               Turns: 5736, Time: 00:26:16

HP:   0/52 (54)     AC:  1    Str:  6    XL:     8   Next: 61%
MP:   4/14          EV: 13    Int: 22    God:    Sif Muna [......]
Gold: 284           SH:  0    Dex: 11    Spells: 6/15 levels left

rFire    . . .     SeeInvis .   v - +0 falchion
rCold    . . .     Gourm    .   (no shield)
rNeg     . . .     Faith    .   a - +0 hat
rPois    .         Spirit   .   (no amulet)
rElec    .         Reflect  .   (no ring)
rCorr    .         Harm     .   (no ring)
MR       .....                  (no ring)
Stlth    ++++......             (no ring)
Regen    0.2/turn               (no ring)
MPRegen  0.2/turn               (no ring)
                                (no ring)
                                (no ring)

@: no status effects
A: almost no armour, stealthy swim, amphibious, 8 rings, constrict 8, camouflage
1, gelatinous body 1
a: Renounce Religion


You were on level 6 of the Dungeon.
You worshipped Sif Muna.
Sif Muna was noncommittal.
You were not hungry.

You visited 2 branches of the dungeon, and saw 7 of its levels.

You collected 284 gold pieces.

Inventory:

Hand Weapons
 f - a +0 short sword
 v - a +0 falchion (weapon)
Missiles
 s - 6 javelins (quivered)
Armour
 a - a +0 hat (worn)
 h - a +0 buckler
Jewellery
 g - an uncursed ring of ice
Wands
 w - a wand of digging (4/24)
Scrolls
 e - 10 scrolls of remove curse
 i - 2 scrolls of enchant weapon {unknown}
 o - 2 scrolls of identify
 p - a scroll of magic mapping {unknown}
 q - a scroll of blinking {unknown}
 r - a scroll of enchant armour {unknown}
 u - a scroll of fog
 A - a scroll of recharging {unknown}
 B - a scroll of amnesia {unknown}
 D - a scroll of teleportation {unknown}
Potions
 j - 3 potions of curing {unknown}
 l - 3 potions of berserk rage
 m - 3 potions of might {unknown}
 t - 4 potions of heal wounds {unknown}
 x - 2 potions of lignification {unknown}
 z - a potion of resistance {unknown}
 C - a potion of flight {unknown}
 E - a potion of haste {unknown}
Books
 b - a book of Minor Magic

   Spells                             Type                      Level
   a - Magic Dart                     Conjuration                  1
   b - Blink                          Translocation                2
   c - Call Imp                       Summoning                    2
   d - Slow                           Hexes                        2
   e - Conjure Flame                  Conjuration/Fire             3
   f - Mephitic Cloud                 Conjuration/Poison/Air       3
 F - a book of Air

   Spells                             Type                      Level
   a - Shock                          Conjuration/Air              1
   b - Swiftness                      Charms/Air                   2
   c - Static Discharge               Conjuration/Air              3
   d - Airstrike                      Air                          4
   e - Lightning Bolt                 Conjuration/Air              5
Comestibles
 c - 3 bread rations
 d - 4 royal jellies
 k - 6 fruits
 n - 2 meat rations


   Skills:
 - Level 4.0 Fighting
 - Level 2.0 Dodging
 - Level 5.2 Stealth
 + Level 2.8 Shields
 - Level 4.0 Spellcasting
 - Level 6.3 Conjurations
 * Level 2.4 Summonings
 - Level 1.0 Translocations
 - Level 1.1 Air Magic
 - Level 3.1 Poison Magic


You had 6 spell levels left.
You knew the following spells:

 Your Spells              Type           Power        Failure   Level  Hunger
a - Magic Dart            Conj           ####         1%          1    None
b - Call Imp              Summ           ###.....     6%          2    #......
c - Blink                 Tloc           N/A          11%         2    #......
d - Mephitic Cloud        Conj/Pois/Air  ###.....     8%          3    ###....
e - Shock                 Conj/Air       ###.         2%          1    None


Dungeon Overview and Level Annotations

Branches:
Dungeon (6/15)             Temple (1/1) D:6

Altars:
Ashenzari
Elyvilon
Fedhas
Hepliaklqana
Kikubaaqudgha
Nemelex Xobeh
Okawaru
Qazlal
Ru
Sif Muna
Trog
Uskayaw
Vehumet
Zin
The Shining One

Annotations:
D:3 Lanoc's ghost, amateur HuBe


Innate Abilities, Weirdness & Mutations

You cannot wear most types of armour.
You are very stealthy in the water. (Stealth+)
You are amphibious.
You can wear up to eight rings at the same time.
You can use your tentacles to constrict eight enemies at once.
Your skin changes colour to match your surroundings (Stealth+).
Your rubbery body absorbs attacks. (AC +1, EV +1)


Message History

The orc wizard looks satisfied for a moment.
Aiming: Dig (will waste charges)
Press: ? - help, Shift-Dir - straight line, p - orc wizard The rock shatters into small pieces.
Evoking this partially-identified wand wasted a few charges.
The wyvern zombie bites you. The wyvern zombie bites you.
Aiming: Dig (will waste charges)
Press: ? - help, Shift-Dir - straight line The rock shatters into small pieces.
Evoking this partially-identified wand wasted a few charges.
The wyvern zombie bites you. The wyvern zombie bites you!
The wyvern zombie bites you!
* * * LOW HITPOINT WARNING * * *
The wyvern zombie barely misses you. The wyvern zombie barely misses you.
Your magical contamination has completely faded away.
There is a stone staircase leading up here.
The wyvern zombie bites you!
You die...

##.####.(.## .......
##.#####.[# #......#
###.#####.# #......#
###......##.####.....#
#.....#o###...##.....#
..#.####.####........#
.#..# ##.#...o......#
.#.#######..###Z.....#
............# #.@....#
...#.#...###.###...###
..#.#.#..# #.##...###
.#[#.#.#.# ##...#...#
..#.>.#..####..###.#.#
.#.#.#.#.##...##
#.#.## ..#.#.#.....###
#.#..# ...#.#...#.##
#.##.# .........#.#
####.##.#


You could see an orc wizard and a wyvern zombie.

Vanquished Creatures
  An ice beast (D:5)
  A necrophage (D:6)
  6 ogres
  2 bullfrogs (D:6)
  A scorpion (D:5)
  A water moccasin skeleton (D:4)
  A bullfrog zombie (D:5)
  An orc priest (D:5)
  A hound (D:6)
  An iguana (D:6)
  Natasha (D:2)
  2 orc wizards
  A worker ant (D:5)
  A hound zombie (D:6)
  Robin (D:2)
  11 adders
  An adder zombie (D:6)
  2 adder skeletons
  2 worms
  2 leopard geckos
  9 orcs
  5 giant cockroaches
  11 goblins
  9 hobgoblins
  9 jackals
  2 quokkas
  A ball python (D:5)
  7 bats
  3 frilled lizards (D:2)
  11 kobolds
  A leopard gecko skeleton (D:4)
  A quokka skeleton (D:5)
  6 rats
115 creatures vanquished.

Vanquished Creatures (collateral kills)
  A necrophage (D:6)
  An iguana (D:5)
  A worm (D:3)
  A leopard gecko (D:6)
  2 orcs (D:4)
  2 goblins (D:2)
  A hobgoblin (D:2)
9 creatures vanquished.

Vanquished Creatures (others)
  A hobgoblin (D:2)
  5 toadstools (D:1)
6 creatures vanquished.

Grand Total: 130 creatures vanquished

Notes
Turn   | Place    | Note
-------+----------+-------------------------------------------
     0 | D:1      | Folque the Octopode Wizard began the quest for the Orb.
     0 | D:1      | Reached XP level 1. HP: 11/11 MP: 4/4
   106 | D:1      | Reached skill level 1 in Fighting
   121 | D:1      | Found a shattered altar of Ashenzari.
   139 | D:1      | Reached XP level 2. HP: 14/18 MP: 6/6
   244 | D:1      | Reached XP level 3. HP: 2/24 MP: 2/7
   277 | D:1      | Learned a level 2 spell: Call Imp
   280 | D:1      | Learned a level 2 spell: Blink
   506 | D:1      | Learned a level 3 spell: Mephitic Cloud
   845 | D:1      | Noticed an ogre
   863 | D:1      | Killed an ogre
   863 | D:1      | Reached XP level 4. HP: 29/29 MP: 5/9
   863 | D:1      | Reached XP level 5. HP: 34/34 MP: 5/10
  1111 | D:2      | Reached skill level 2 in Conjurations
  1787 | D:2      | Noticed Robin
  1817 | D:2      | Killed Robin
  1946 | D:2      | Noticed Natasha
  1960 | D:2      | Killed Natasha
  1960 | D:2      | Reached XP level 6. HP: 39/39 MP: 9/12
  2085 | D:3      | Noticed Lanoc's ghost (amateur HuBe)
  2537 | D:3      | Found a faded altar of an unknown god.
  2732 | D:4      | Reached skill level 5 in Stealth
  2830 | D:4      | Reached skill level 3 in Conjurations
  2936 | D:4      | Reached XP level 7. HP: 34/45 MP: 13/13
  3087 | D:4      | Reached skill level 4 in Conjurations
  3169 | D:5      | Entered Level 5 of the Dungeon
  3254 | D:5      | Reached skill level 5 in Conjurations
  3832 | D:5      | Reached skill level 1 in Shields
  3832 | D:5      | Reached XP level 8. HP: 47/54 MP: 11/14
  4224 | D:6      | Reached skill level 6 in Conjurations
  4264 | D:6      | Found a staircase to the Ecumenical Temple.
  4279 | Temple   | Entered the Ecumenical Temple
  4282 | Temple   | Learned a level 1 spell: Shock
  4324 | Temple   | Became a worshipper of Sif Muna the Loreminder
  5012 | D:6      | Reached skill level 1 in Air Magic
  5736 | D:6      | Slain by a wyvern zombie

Skill      XL: |  1  2  3  4  5  6  7  8 |
---------------+-------------------------+-----
Fighting       | 1 2 3 4 |  4.0
Poison Magic   | 2 3 |  3.1
Conjurations   | 2 3 5 6 |  6.3
Spellcasting   | 4 |  4.0
Stealth        | 4 5 |  5.2
Shields        | 1 2 |  2.8
Air Magic      | 1 |  1.1
Summonings     | 2 |  2.4
Dodging        | |  2.0
Translocations | |  1.0

Action                   |  1- 3 |  4- 6 |  7- 9 || total
-------------------------+-------+-------+-------++-------
Melee: Short sword       |    64 |   116 |       ||   180
       Unarmed           |     7 |       |       ||     7
       Constrict         |    17 |    29 |    27 ||    73
       Tentacles         |     6 |    16 |    23 ||    45
       Falchion          |       |    13 |    93 ||   106
 Cast: Magic Dart        |    14 |    46 |    24 ||    84
       Mephitic Cloud    |     1 |     4 |    16 ||    21
       Call Imp          |       |    17 |    22 ||    39
       Blink             |       |     2 |     8 ||    10
       Shock             |       |       |     9 ||     9
Evoke: Wand              |       |       |     2 ||     2
  Use: Scroll            |     1 |     4 |     1 ||     6
       Potion            |     1 |       |       ||     1
 Stab: Sleeping          |     5 |     5 |     3 ||    13
       Invisible         |     1 |       |       ||     1
       Confused          |     2 |     4 |     7 ||    13
       Distracted        |     2 |       |       ||     2
  Eat: Chunk             |       |     7 |     5 ||    12
       Meat ration       |       |       |     1 ||     1
       Fruit             |       |       |     1 ||     1
Armor: Skin              |     6 |    11 |     7 ||    24
Dodge: Dodged            |    55 |    67 |    65 ||   187
       Rpst.: Falchion   |       |     1 |    14 ||    15
